[Event "Rapid Tournament (RAP)"]
[Site "Biel, Switzerland"]
[Date "2026.07.12"]
[Round "7.12"]
[White "Tkhoruk, Roman"]
[Black "Amonatov, Farrukh"]
[Result "1/2-1/2"]
[TimeControl "15 + 5"]
[WhiteTitle "-"]
[BlackTitle "-"]
[WhiteFideId "34161589"]
[BlackFideId "14700077"]
[WhiteElo "2076"]
[BlackElo "2593"]

1. e4 c5 2. Nf3 d6 3. Bb5+ Bd7 4. Bxd7+ Qxd7 5. O-O Nc6 6. d4 cxd4 7. Nxd4 Nf6 8. Nc3 e6 9. Be3 Be7 10. f3 O-O 11. Qe2 d5 12.
exd5 Nxd5 13. Nxd5 Qxd5 14. Nxc6 Qxc6 15. c4 a5 16. b3 a4 17. Rad1 h6 18. Rd3 Rfc8 19. Rfd1 axb3 20. axb3 Ra3 21. Qc2 Rca8 22. Qc3 Ra2 23.
R3d2 Bf6 24. Rxa2 Rxa2 25. Qd3 Qc7 26. Qd7 Qe5 27. Qd4 Qa5 28. Qd3 Rb2 29. Rb1 Qc3 30. Qxc3 Rxb1+ 31. Qc1 Rxc1+ 32. Bxc1 Kf8 33. Be3 Kg8 1/2-1/2

[Event "Rapid Tournament (RAP)"]
[Site "Biel, Switzerland"]
[Date "2026.07.12"]
[Round "7.13"]
[White "Shukhman, Anna"]
[Black "Haugner, Jan"]
[Result "1-0"]
[TimeControl "15 + 5"]
[WhiteTitle "-"]
[BlackTitle "-"]
[WhiteFideId "54180058"]
[BlackFideId "24655244"]
[WhiteElo "2272"]
[BlackElo "2079"]

1. e4 c5 2. Nf3 d6 3.
d4 cxd4 4. Nxd4 Nf6 5. Nc3 Bd7 6. f3 e5 7. Nf5 Bxf5 8.
exf5 d5 9. Bg5 d4 10. Ne4 Nc6 11.
Bc4 Bb4+ 12. Ke2 a6 13. Bxf6 gxf6 14. Qd3 Rc8 15. a3 Be7 16. Ba2 b5 17. Rhd1 Na5 18. c3 Qd7 19. cxd4 Nc4 20.
Bxc4 bxc4 21. Qc3 Qxf5 22. d5 Rb8 23. d6 Bd8 24. Rd2 Rg8 25. Kf1 Qh5 26. Kg1 Rg6 27. Qxc4 Qxf3 28. Rf1 Qe3+ 29. Kh1 Ba5 30. Re2 Qh6 31.
d7+ Kd8 32. Qxf7 1-0

[Event "Rapid Tournament (RAP)"]
[Site "Biel, Switzerland"]
[Date "2026.07.12"]
[Round "7.14"]
[White "Xu, Chang(Cq)"]
[Black "Tureshbayev, Anuar"]
[Result "1-0"]
[TimeControl "15 + 5"]
[WhiteTitle "-"]
[BlackTitle "-"]
[WhiteFideId "8641757"]
[BlackFideId "651081709"]
[WhiteElo "2082"]
[BlackElo "2246"]

1. e4 c5 2. Nf3 d6 3. d4 cxd4 4. Nxd4 Nf6 5.
Nc3 a6 6. Bg5 Nbd7 7. Qe2 e6 8. O-O-O Qc7 9. f4 b5 10. a3 Bb7 11. g4 Be7 12. Bg2 h6 13. Bxf6 Bxf6 14. Ndxb5 axb5 15.
Nxb5 Qb6 16. Nxd6+ Kf8 17. e5 Bxg2 18. Qxg2 Rb8 19. Nc4 Qc7 20. exf6 Qxc4 21. Rxd7 gxf6 22. Kb1 Kg7 23. g5 hxg5 24.
fxg5 f5 25. g6 Rhc8 26. gxf7+ Kf6 27. f8=Q+ 1-0

[Event "Rapid Tournament (RAP)"]
[Site "Biel, Switzerland"]
[Date "2026.07.12"]
[Round "7.15"]
[White "Manko, Mariia"]
[Black "Hornung, Hans"]
[Result "1-0"]
[TimeControl "15 + 5"]
[WhiteTitle "-"]
[BlackTitle "-"]
[WhiteFideId "14199220"]
[BlackFideId "4615140"]
[WhiteElo "2210"]
[BlackElo "2040"]

1. d4 Nf6 2. c4 Nc6 3. Nf3 e6 4. g3 Bb4+ 5. Bd2 a5 6. Bg2 O-O 7. O-O Bxd2 8. Qxd2 d6 9. Nc3 e5 10.
d5 Nb4 11. a3 Na6 12. b4 axb4 13. axb4 Bg4 14. Rfb1 Qd7 15. e4 h6 16. Qe3 Nh7 17. c5 f5 18. c6 bxc6 19. dxc6 Qf7 20.
exf5 Bxf5 21. Nh4 Bxb1 22. Bd5 Bc2 23. Bxf7+ Kxf7 24. Qe2 Bb3 25. Rxa6 1-0

[Event "Rapid Tournament (RAP)"]
[Site "Biel, Switzerland"]
[Date "2026.07.12"]
[Round "7.16"]
[White "De Gregorio, Alexis"]
[Black "Frey, Fabian"]
[Result "0-1"]
[TimeControl "15 + 5"]
[WhiteTitle "-"]
[BlackTitle "-"]
[WhiteFideId "1310054"]
[BlackFideId "1336487"]
[WhiteElo "2030"]
[BlackElo "2207"]

1. d4 d5 2. c4 e6 3.
Nc3 c5 4. cxd5 exd5 5. Nf3 Nc6 6. Bf4 Nf6 7. e3 c4 8. Be2 Bb4 9. Qc2 Ne4 10. O-O Bf5 11. Qc1 O-O 12. Nxe4 Bxe4 13.
Ne5 Rc8 14. Bg4 Nxe5 15. Bxe5 Rc6 16. Qd1 a6 17. Bf3 Bd3 18. Be2 Bf5 19. a3 Bd6 20. Bf3 Be7 21. Qd2 Qd7 22. Rfc1 Rfc8 23.
Qa5 b5 24. a4 Bd8 25. Qb4 bxa4 26. Qxa4 Be4 27. Bxe4 dxe4 28. h3 Qd5 29. Qc2 h6 30. Ra2 c3 31. b3 Bf6 32. Bxf6 Rxf6 33. Rca1 Qb7 34. Ra4 Rb6 35. Rb1 Qd5 36. b4 Qb5 37.
Rd1 Rc4 38. d5 Rxb4 39. Rxb4 Qxb4 40. d6 Rxd6 41. Rxd6 Qxd6 42. Qxc3 Qe6 43. Qd4 Kh7 44. Kf1 Qc6 45. Ke2 a5 46.
Kd2 a4 47. Qb4 Qd5+ 48. Ke2 Qd3+ 49. Ke1 a3 50. Qa4 Qb1+ 0-1

[Event "Rapid Tournament (RAP)"]
[Site "Biel, Switzerland"]
[Date "2026.07.12"]
[Round "7.17"]
[White "Rohrer, Christophe"]
[Black "Wilhelm, Serge"]
[Result "1-0"]
[TimeControl "15 + 5"]
[WhiteTitle "-"]
[BlackTitle "-"]
[WhiteFideId "1326546"]
[BlackFideId "1305808"]
[WhiteElo "2202"]
[BlackElo "1923"]

1. e4 c6 2. d4 d5 3. e5 Bf5 4.
Nf3 e6 5. Be2 Nd7 6. O-O Ne7 7. Nbd2 h6 8. Nb3 g5 9. a4 Bg7 10. a5 a6 11. Bd2 O-O 12. Bb4 f6 13. exf6 Bxf6 14.
Nc5 Nxc5 15. Bxc5 Re8 16. Re1 Ng6 17. g3 e5 18. dxe5 Nxe5 19. Nd4 Bg6 20. Bh5 Qd7 21. Bxg6 Nxg6 22.
Qh5 Kg7 23. f4 Re4 24. Rxe4 dxe4 25. c3 Re8 26. Rf1 e3 27. f5 Ne5 28. Ne6+ Kh7 29. Nf8+ Rxf8 30. Bxf8 Bg7 31. Bxg7 Qxg7 32.
Qe2 g4 33. Qxe3 Nf3+ 34. Kg2 Qf7 35. Qe6 Qh5 36. Qg6+ Qxg6 37. fxg6+ Kxg6 38. Rd1 Ne5 39. Rd8 Nc4 40. b4 Ne5 41. Rb8 1-0

[Event "Rapid Tournament (RAP)"]
[Site "Biel, Switzerland"]
[Date "2026.07.12"]
[Round "7.18"]
[White "Laub, Patrick"]
[Black "Fernandes Barbosa Dos Santos, Gabriel"]
[Result "0-1"]
[TimeControl "15 + 5"]
[WhiteTitle "-"]
[BlackTitle "-"]
[WhiteFideId "1302566"]
[BlackFideId "1354388"]
[WhiteElo "1949"]
[BlackElo "2199"]

1. e4 c5 2. Nc3 Nc6 3. Bb5 Nd4 4.
Nf3 g6 5. O-O Bg7 6. Nxd4 cxd4 7. Ne2 e6 8. d3 a6 9. Ba4 b5 10. Bb3 Ne7 11. a4 b4 12. Bd2 Rb8 13. Qe1 a5 14.
f4 d6 15. Ng3 O-O 16. Rf2 Kh8 17. Qe2 Bd7 18. Raf1 f5 19. exf5 exf5 20. h4 Bf6 21. h5 Kg7 22. Nh1 Re8 23.
Qf3 Bc6 24. Qh3 Nd5 25. Bxd5 Bxd5 26. b3 Rc8 27. Bc1 Qd7 28. Ng3 Re7 29. Kh2 Rce8 30. Rh1 Re1 31. Rff1 Rxf1 32. Rxf1 Qc8 33. Rf2 Bxb3 34. h6+ Kh8 35. Bb2 Bxc2 36. Ne2 Re3 37. g3 Qc5 38.
Qg2 Bxa4 39. Qa8+ Re8 40. Qb7 Bc6 0-1

[Event "Rapid Tournament (RAP)"]
[Site "Biel, Switzerland"]
[Date "2026.07.12"]
[Round "7.19"]
[White "Habibi, Ali"]
[Black "Gheorghiu, Harry"]
[Result "1-0"]
[TimeControl "15 + 5"]
[WhiteTitle "-"]
[BlackTitle "-"]
[WhiteFideId "4604393"]
[BlackFideId "1248839"]
[WhiteElo "2187"]
[BlackElo "1751"]

1. Nf3 b6 2. g3 Bb7 3.
Bg2 g6 4. O-O Bg7 5. c4 Nf6 6.
Nc3 O-O 7. d4 e6 8. Qc2 Na6 9. a3 c5 10. e3 cxd4 11. exd4 d5 12. Ne5 Qc7 13. Nb5 Qe7 14. b3 Rfc8 15.
Bb2 dxc4 16. Bxb7 cxb3 17. Qxc8+ Rxc8 18. Bxc8 Nc7 19. Nxa7 Ncd5 20. Nac6 Qc7 21. Ba6 Ne4 22. Rac1 Bxe5 23. Nxe5 Qa7 24. Bd3 Nd6 25. Nc6 Qa4 26. h4 Nb5 27.
Rc4 Qa6 28. a4 Nd6 29. Rc3 Qa8 30. Ne5 Nxc3 31. Bxc3 Ne4 32. Be1 Qd5 33. Nf3 b2 34. Bb4 Nxg3 35. fxg3 Qb3 36. Bb1 Qxb4 37. Rf2 Kf8 38. Kg2 Ke7 39.
Rc2 h6 40. g4 Kf6 41. Rf2 Ke7 42. Kg3 Qc3 43. Rc2 Qb4 44. Rc7+ Kf6 45. Rc2 h5 46. g5+ Ke7 47. Rc7+ Kf8 48.
Rc2 Ke7 49. Kg2 Kd6 50. Re2 Qc3 51. Kf2 Qc1 52. Re1 Qc3 53. Rd1 Kd5 54. Ke2 Kc4 55. Ne5+ Kb4 56. Nd3+ Kxa4 57. Rd2 Ka5 58. Nxb2 Qg3 59. Nc4+ Ka6 60. Ra2+ Kb7 61. Be4+ Kc7 62.
Ra7+ Kd8 63. Ne5 Qxh4 64. Nxf7+ Ke8 65. Bxg6 Qh2+ 66. Kd3 Qg3+ 67. Kc4 Kf8 68. Ne5 1-0

[Event "Rapid Tournament (RAP)"]
[Site "Biel, Switzerland"]
[Date "2026.07.12"]
[Round "7.20"]
[White "Lachat, Pierre"]
[Black "Gluckman, David"]
[Result "0-1"]
[TimeControl "15 + 5"]
[WhiteTitle "-"]
[BlackTitle "-"]
[WhiteFideId "1310763"]
[BlackFideId "14300010"]
[WhiteElo "1904"]
[BlackElo "2161"]

1. d4 e6 2. c4 f5 3.
Nc3 Nf6 4. Nf3 Bb4 5. Bd2 O-O 6.
e3 b6 7.
a3 Bxc3 8. Bxc3 Bb7 9. Be2 Ne4 10. Bb4 d6 11.
Qc2 a5 12. Bd2 a4 13. Bd3 Nd7 14. Bxe4 fxe4 15. Ng1 Qg5 16. g3 e5 17. Bc3 Qf5 18. h3 Ba6 19. g4 Qf7 20. dxe5 Nc5 21.
O-O-O Bxc4 22. exd6 Bd3 23. Rxd3 Nxd3+ 24. Kb1 Qxf2 25. Ne2 cxd6 26. Bd4 b5 27. Qd1 Rac8 28. Nc3 Qxb2# 0-1

[Event "Rapid Tournament (RAP)"]
[Site "Biel, Switzerland"]
[Date "2026.07.12"]
[Round "7.21"]
[White "Gunzinger, Severin"]
[Black "Harish, Neeraj"]
[Result "0-1"]
[TimeControl "15 + 5"]
[WhiteTitle "-"]
[BlackTitle "-"]
[WhiteFideId "1362518"]
[BlackFideId "30958130"]
[WhiteElo "1607"]
[BlackElo "2140"]

1. d4 Nf6 2. c4 g6 3. Nc3 d5 4. cxd5 Nxd5 5. e4 Nxc3 6. bxc3 Bg7 7. Nf3 c5 8. Be3 Qa5 9. Nd2 cxd4 10. Nc4 Qc7 11. cxd4 O-O 12.
Rc1 b5 13. Nd2 Qa5 14. Qb3 a6 15. Be2 Bb7 16. f3 Nc6 17. d5 Nd4 18. Qd3 Nxe2 19. Qxe2 Rac8 20. O-O Qxa2 21. h4 b4 22.
h5 b3 23. Qf2 b2 24. Rb1 Qa4 25. Qh4 Bf6 26. Qf2 Rc2 27. hxg6 hxg6 28. Kh2 Rfc8 29. f4 Qd7 30. Bd4 a5 31. e5 Bg7 32. Rxb2 Qxd5 33. Rfb1 Rxb2 34.
Rxb2 a4 35. Qf3 Qxd4 36. Qxb7 Qxf4+ 37. Kg1 Rc1+ 0-1

[Event "Rapid Tournament (RAP)"]
[Site "Biel, Switzerland"]
[Date "2026.07.12"]
[Round "7.22"]
[White "Erne, Raphael"]
[Black "Villiger, Jan"]
[Result "1-0"]
[TimeControl "15 + 5"]
[WhiteTitle "-"]
[BlackTitle "-"]
[WhiteFideId "1341928"]
[BlackFideId "1340891"]
[WhiteElo "2122"]
[BlackElo "1846"]

1. c4 e5 2. g3 Nc6 3. Nc3 g6 4. Bg2 Bg7 5. Nf3 Nge7 6. O-O d6 7. d3 O-O 8. Rb1 a5 9. a3 h6 10. b4 axb4 11. axb4 Be6 12.
b5 Nd4 13. Nd2 c6 14. e3 Ndf5 15. Nde4 Nc8 16. Qb3 Nfe7 17.
Bb2 f5 18. Nd2 Kh7 19. Ra1 Rxa1 20. Rxa1 Qd7 21. bxc6 bxc6 22. Ra6 f4 23. Qa4 fxe3 24. fxe3 Bh3 25. Qd1 Bxg2 26. Kxg2 Nf5 1-0

[Event "Rapid Tournament (RAP)"]
[Site "Biel, Switzerland"]
[Date "2026.07.12"]
[Round "7.23"]
[White "El-Mais, Ibaa"]
[Black "Moesching, Colin"]
[Result "0-1"]
[TimeControl "15 + 5"]
[WhiteTitle "-"]
[BlackTitle "-"]
[WhiteFideId "1312715"]
[BlackFideId "1345036"]
[WhiteElo "2100"]
[BlackElo "1820"]

1. d4 Nf6 2. c4 c6 3.
Bf4 Qb6 4. b3 d5 5. Nf3 Bf5 6. Nbd2 e6 7. c5 Qd8 8. h3 h6 9. e3 Nbd7 10. b4 g5 11. Bg3 Bg7 12. b5 O-O 13.
bxc6 bxc6 14. Qa4 Ne4 15. Nxe4 Bxe4 16. Bd6 Re8 17. Be2 e5 18. O-O exd4 19. Nxd4 Ne5 20. Rac1 Qd7 21. Bxe5 Bxe5 22.
Qxc6 Qxc6 23. Nxc6 Bb2 24. Rcd1 Rac8 25. Nxa7 Rxc5 26. Nb5 Rb8 27.
Nd4 Ra8 28. f3 Bg6 29. Nb3 Rc3 30.
Kf2 Rxa2 31. Nd4 Ba3 0-1

[Event "Rapid Tournament (RAP)"]
[Site "Biel, Switzerland"]
[Date "2026.07.12"]
[Round "7.24"]
[White "Ling, Chenxuan"]
[Black "Zecirovic, Giacomo"]
[Result "1-0"]
[TimeControl "15 + 5"]
[WhiteTitle "-"]
[BlackTitle "-"]
[WhiteFideId "30983118"]
[BlackFideId "1339451"]
[WhiteElo "2077"]
[BlackElo "1886"]

1. d4 Nf6 2. c4 e6 3.
Nc3 Bb4 4. a3 Bxc3+ 5. bxc3 c5 6. f3 O-O 7. e4 d6 8.
Bd3 e5 9. Ne2 Nc6 10. Be3 b6 11. O-O Ba6 12. f4 Ng4 13. Bd2 Na5 14. h3 Nf6 15. fxe5 dxe5 16. Bg5 cxd4 17. cxd4 Bxc4 18.
d5 Qd6 19. Bxf6 gxf6 20. Ng3 Qc5+ 21.
Kh2 Qe3 22. Bxc4 Nxc4 23. Rxf6 Kh8 24. Rf3 Qg5 25. Qe2 Nd6 26. Raf1 Rg8 27. Qd3 Rg6 28. R1f2 Rag8 29. Qc2 h5 30.
Ne2 Rc8 31. Qd3 b5 32. Rg3 Qh6 33. Rxg6 Qxg6 34. Ng3 Rc4 35. Qf3 h4 36. Nf5 Nxe4 37. d6 Nxd6 38. Nxd6 Qxd6 39. Qh5+ Kg8 40.
Qxf7+ Kh8 41. Rf6 1-0

[Event "Rapid Tournament (RAP)"]
[Site "Biel, Switzerland"]
[Date "2026.07.12"]
[Round "7.25"]
[White "Sadeghi, Hassan Roger"]
[Black "Lang, Fabian"]
[Result "1/2-1/2"]
[TimeControl "15 + 5"]
[WhiteTitle "-"]
[BlackTitle "-"]
[WhiteFideId "1304712"]
[BlackFideId "1310160"]
[WhiteElo "2028"]
[BlackElo "1900"]

1. Nf3 d5 2. g3 Nf6 3. Bg2 c6 4. O-O Bg4 5. Ne5 Bh5 6. d4 e6 7. c4 Nbd7 8. Nc3 Nxe5 9. dxe5 Nd7 10.
cxd5 exd5 11. Qd4 Bc5 12. Qf4 O-O 13. Na4 Be7 14. g4 Bg6 15. Qg3 b5 16. Nc3 f5 17. f4 Nc5 18. Rd1 Qc8 19.
b4 Ne4 20. Nxe4 dxe4 21. a3 a5 22. Bb2 axb4 23. axb4 Bxb4 24. Qb3+ Kh8 25. Rxa8 Bc5+ 26. Kh1 Qxa8 27. Qc3 Qa7 28.
Rc1 Be3 1/2-1/2

[Event "Rapid Tournament (RAP)"]
[Site "Biel, Switzerland"]
[Date "2026.07.12"]
[Round "7.26"]
[White "Bonanomi, Silvan"]
[Black "Arntz, Christoph"]
[Result "0-1"]
[TimeControl "15 + 5"]
[WhiteTitle "-"]
[BlackTitle "-"]
[WhiteFideId "1352644"]
[BlackFideId "16257723"]
[WhiteElo "1867"]
[BlackElo "1999"]

1. e4 c5 2. c3 e6 3. d4 cxd4 4. cxd4 Nf6 5. Nf3 Nxe4 6. Bd3 Bb4+ 7. Bd2 Nxd2 8. Nbxd2 O-O 9. O-O d5 10.
Ne5 Bxd2 11. Qxd2 Nc6 12. Nxc6 bxc6 13. Qc2 Qd6 14. Bxh7+ Kh8 15. Bd3 Bd7 16. Rac1 Rab8 17. Qe2 g6 18.
Rc3 Kg7 19. Rfc1 Rh8 20. h3 Qf4 21. Rd1 Rb4 22. Ra3 Rb7 23. Qe5+ Qxe5 24. dxe5 c5 25. b3 Rh5 26. f4 Rh4 27. Rf1 Rc7 28. Kh2 Rh8 29.
Rc1 Rb8 30. Ra5 c4 31. bxc4 dxc4 32. Rxc4 Rxc4 33. Bxc4 Rb2 34. Rxa7 Bc6 35. Bf1 Rf2 36. Kg1 Rxf4 37. Ra5 Bd5 38. a3 Re4 39. Kf2 Rxe5 40. Bd3 Rg5 41.
g4 f5 42. Ra7+ Kf6 43. Be2 f4 44. a4 Re5 45. Bf3 Bc4 46. a5 Rb5 47. Rc7 Rb2+ 48. Ke1 Rb1+ 49. Kd2 Ba6 50. Rc6 Bf1 51.
a6 Ra1 52. Be2 Ra2+ 53. Kd3 Bxe2+ 0-1

[Event "Rapid Tournament (RAP)"]
[Site "Biel, Switzerland"]
[Date "2026.07.12"]
[Round "7.27"]
[White "Egli, Urs"]
[Black "Ranieri, Pierpaolo"]
[Result "1-0"]
[TimeControl "15 + 5"]
[WhiteTitle "-"]
[BlackTitle "-"]
[WhiteFideId "1306685"]
[BlackFideId "893986"]
[WhiteElo "1964"]
[BlackElo "1891"]

1. g3 f5 2. Bg2 Nf6 3. c4 g6 4. Nc3 Bg7 5. d3 O-O 6. Bd2 e5 7. e3 c6 8. Qb3 d6 9. Nge2 Qe7 10.
O-O Na6 11. Qc2 Nb4 12. Qb1 a5 13. a3 Na6 14. b4 e4 15. dxe4 Nxe4 16. Nxe4 Bxa1 17. N4c3 Bxc3 18. Bxc3 axb4 19.
axb4 Be6 20. Qd3 h6 21. Nf4 Kh7 22. Re1 Qf7 23. Nxe6 Qxe6 24. Qd4 Qf7 25. b5 Nc5 26. bxc6 bxc6 27.
Bxc6 Ra2 28. Qxd6 Ne4 29. Qd4 Nxf2 30. Rb1 Nh3+ 31. Kf1 Ra7 32. Bd5 Qc7 33. Qxa7 Qd7 1-0

[Event "Rapid Tournament (RAP)"]
[Site "Biel, Switzerland"]
[Date "2026.07.12"]
[Round "7.28"]
[White "Tan, Jimmy"]
[Black "Alexakis, Dimitrios"]
[Result "1-0"]
[TimeControl "15 + 5"]
[WhiteTitle "-"]
[BlackTitle "-"]
[WhiteFideId "129057499"]
[BlackFideId "4200527"]
[WhiteElo "1845"]
[BlackElo "1954"]

1. d4 Nf6 2. Bf4 d6 3. Nc3 g6 4. e4 Bg7 5. Nf3 O-O 6. Qd2 c5 7. dxc5 dxc5 8. O-O-O Qa5 9. e5 Nh5 10. Be3 Nc6 11. Qd5 Nb4 12.
Qxc5 Nxa2+ 13. Nxa2 Qxa2 14. Qa3 Qxa3 15. bxa3 Bg4 16. Be2 Bxe5 17. Nxe5 Bxe2 18. Rd7 f6 19. Re1 Bb5 20. Rd5 Ba6 21. Nd7 Rfc8 22. Bc5 Nf4 23.
Rd4 e5 24. Rd6 b6 25. Nxf6+ Kf7 26. Ne4 bxc5 27. Rxa6 Rc7 28. Ng5+ Kg8 29. g3 Nd5 30. Rxe5 Nb6 31. Ne4 Rac8 32. Nf6+ Kf7 33. Nd5 Rb7 34.
Nxb6 axb6 35. Ra4 b5 36. Rf4+ Kg7 37. Rfe4 Ra8 38. Kb2 c4 39. Re7+ Rxe7 40. Rxe7+ Kh6 41. Rb7 Ra5 42. h4 g5 43. hxg5+ Kxg5 44. Rxh7 Kg4 45. Rf7 Ra4 46. Rf4+ Kg5 47. Rd4 c3+ 48. Kxc3 Rxa3+ 49. Kd2 Rf3 50. Ke2 Rf5 51. f3 Rc5 52.
Kd3 Kf5 53. Rb4 Kg5 54. c4 bxc4+ 55. Rxc4 Rd5+ 56. Ke4 Ra5 57. Rd4 Ra3 58. Rd5+ Kg6 59. g4 Kf6 60. f4 Ra4+ 61. Rd4 Ra5 62. Rd6+ Ke7 63. Rd4 Kf6 64. g5+ Kg6 65. Rd6+ Kf7 66. f5 Ke7 67. Rd5 Ra4+ 68. Ke5 Rg4 69. f6+ Kf7 70. Kf5 Rg1 71. Rd7+ Kf8 72. Kg6 Kg8 73. Rd8# 1-0

[Event "Rapid Tournament (RAP)"]
[Site "Biel, Switzerland"]
[Date "2026.07.12"]
[Round "7.29"]
[White "Grzeskowiak, Antoni"]
[Black "Schwab, Felix"]
[Result "1-0"]
[TimeControl "15 + 5"]
[WhiteTitle "-"]
[BlackTitle "-"]
[WhiteFideId "41855531"]
[BlackFideId "1311450"]
[WhiteElo "1844"]
[BlackElo "1945"]

1. d4 Nf6 2. Nf3 d5 3. Bf4 c5 4.
c3 Nc6 5. e3 Qb6 6. Qb3 c4 7. Qc2 Bf5 8. Qc1 Nh5 9. Bg5 h6 10. Bh4 g5 11. Bg3 Nxg3 12.
hxg3 Bg7 13. Nbd2 e5 14. dxe5 Bxe5 15. Be2 Qc7 16. Nxe5 Nxe5 17. Nf3 O-O-O 18. Nxe5 Qxe5 19. Qd1 h5 20.
Qa4 Kb8 21. Rd1 h4 22. gxh4 Rxh4 23. Rxh4 gxh4 24. Qa5 b6 25. Qb5 Be4 26. Bf1 Rg8 27. Qd7 Bf5 28. Qxd5 Qxd5 29. Rxd5 Be6 30.
Rh5 h3 31. gxh3 Rg1 32. f3 a6 33. Kf2 Rg8 34. Rh4 b5 35. Rd4 Kc7 36. h4 Rh8 37. Bg2 a5 38. a3 b4 39. axb4 axb4 40. Bf1 bxc3 41. bxc3 Rb8 42.
Bxc4 Rb2+ 43. Kg3 Re2 1-0

[Event "Rapid Tournament (RAP)"]
[Site "Biel, Switzerland"]
[Date "2026.07.12"]
[Round "7.30"]
[White "Huang, Hsuan-Chen"]
[Black "Hashem, Khaled"]
[Result "0-1"]
[TimeControl "15 + 5"]
[WhiteTitle "-"]
[BlackTitle "-"]
[WhiteFideId "16303121"]
[BlackFideId "10300201"]
[WhiteElo "1648"]
[BlackElo "1926"]

1. d4 d5 2. Nf3 Nf6 3. e3 Bf5 4. Nbd2 e6 5. h3 h6 6.
Be2 c5 7. b3 Nc6 8. Bb2 Bd6 9. O-O O-O 10. dxc5 Bxc5 11. c4 d4 12. exd4 Nxd4 13. Nxd4 Bxd4 14. Bxd4 Qxd4 15. Nf3 Qc5 16. Qd4 Qc7 17. Rfd1 a6 18. Qe5 Rac8 19. Rd4 Qxe5 20. Nxe5 Rc5 21. f4 g5 22.
b4 Rc7 23. fxg5 hxg5 24. g4 Be4 25. Rf1 Kg7 26. Rxf6 Kxf6 27. Rxe4 Rd8 28. Nf3 a5 29. a3 axb4 30. axb4 Ra8 31. Kf2 Ra2 32. Ne5 Ra3 33.
c5 Rxh3 34. Nc4 Rd7 35. Nd6 b6 36. Ne8+ Ke7 37. c6 Rd8 38. c7 Rc8 39. Ba6 Rxe8 40. c8=Q Rxc8 41. Bxc8 Rc3 42. Ba6 Ra3 43. Bb7 Rb3 44. Bc6 Kd6 45.
b5 f5 46. Re3 Rb2+ 47. Re2 Rb3 48. Rd2+ Ke5 49. gxf5 exf5 50. Rd5+ Kf4 51. Bd7 Rb2+ 52. Ke1 Ke3 53. Bxf5 Re2+ 54. Kd1 Rh2 55. Rd3+ Kf4 56. Bd7 g4 57. Rd4+ Ke3 58. Rd6 g3 59. Bc6 g2 60. Re6+ Kf4 61. Re1 Kg3 62. Ke2 g1=Q+ 0-1

[Event "Rapid Tournament (RAP)"]
[Site "Biel, Switzerland"]
[Date "2026.07.12"]
[Round "7.31"]
[White "Pinson, Clement"]
[Black "Berger, Vincent"]
[Result "1-0"]
[TimeControl "15 + 5"]
[WhiteTitle "-"]
[BlackTitle "-"]
[WhiteFideId "26098660"]
[BlackFideId "1317822"]
[WhiteElo "1924"]
[BlackElo "1877"]

1. e4 c6 2. d4 d5 3. exd5 cxd5 4.
c4 Nf6 5. Nc3 Nc6 6. Nf3 e6 7. c5 b6 8. Bb5 Bd7 9. Qa4 Qc8 10. Ne5 Nxe5 11. dxe5 Bxb5 12. Nxb5 Nd7 13. cxb6 axb6 14.
Qxa8 Qxa8 15. Nc7+ Kd8 16. Nxa8 Kc8 17. Be3 Kb7 18. Nxb6 Nxb6 1-0

[Event "Rapid Tournament (RAP)"]
[Site "Biel, Switzerland"]
[Date "2026.07.12"]
[Round "7.32"]
[White "Yang, Sung-Jui"]
[Black "Aryan, Mehta"]
[Result "1/2-1/2"]
[TimeControl "15 + 5"]
[WhiteTitle "-"]
[BlackTitle "-"]
[WhiteFideId "16301048"]
[BlackFideId "33329664"]
[WhiteElo "1825"]
[BlackElo "1921"]

1. d4 Nf6 2. Nf3 e6 3. c4 Bb4+ 4. Nbd2 O-O 5. a3 Bxd2+ 6. Qxd2 b6 7. e3 Bb7 8. Be2 d6 9. O-O Nbd7 10. b4 Qe7 11. Bb2 e5 12.
Qc2 Rfe8 13. Rfd1 Rad8 14. Rac1 c5 15. dxc5 dxc5 16. Qa4 a6 17. Rc2 e4 18. Ne1 Nf8 19. Rcd2 Ne6 20. Be5 h6 21.
Rd6 Rxd6 22. Bxd6 Qd7 23. Qc2 Qc8 24. Be5 Rd8 25. Bb2 Rd7 26. Bxf6 gxf6 27. Bg4 Rxd1 28. Bxd1 Qd7 29. g3 Ng5 30.
h4 Ne6 31. Bg4 Qd6 32. Qd1 Qxd1 33. Bxd1 Kf8 34. Kf1 cxb4 35. axb4 a5 36. bxa5 bxa5 37. Ke2 Ba6 38. Bb3 Ke7 39.
Kd2 Nc5 40. Ba2 Kd6 41. Kc3 Ke5 42. Nc2 Nd3 43. Nd4 Nxf2 44. c5 Nh1 45. Nc6+ Kf5 46. Nxa5 Nxg3 47. Bxf7 Ke5 48. c6 Kd6 49.
Kd4 Bb5 50. Be8 Kc7 51. Kd5 Nf5 52. Kxe4 Nd6+ 53. Kd5 Nxe8 54. Ke6 Kb6 55. Kf7 Nd6+ 56. Kxf6 Kxa5 57. Kg6 Bxc6 58. Kxh6 Nf5+ 59. Kg5 Nxe3 60. h5 Nc4 61. h6 Be4 62. Kf6 Ne3 63. Kf7 Ng4 64. Kg7 Kb6 65.
h7 Bxh7 66. Kxh7 1/2-1/2

[Event "Rapid Tournament (RAP)"]
[Site "Biel, Switzerland"]
[Date "2026.07.12"]
[Round "7.33"]
[White "Pinelli, Gian"]
[Black "Menzi, Jonas"]
[Result "0-1"]
[TimeControl "15 + 5"]
[WhiteTitle "-"]
[BlackTitle "-"]
[WhiteFideId "1348710"]
[BlackFideId "1345133"]
[WhiteElo "1774"]
[BlackElo "2114"]

1. d4 Nf6 2. c4 e6 3. Nc3 Bb4 4. Qc2 b6 5. a3 Bxc3+ 6. Qxc3 Bb7 7. Bg5 h6 8.
Bh4 g5 9. Bg3 Ne4 10. Qc2 d6 11. e3 Nd7 12. Ne2 h5 13. f3 Nxg3 14.
hxg3 f5 15. Nc3 Qf6 16. Bd3 O-O-O 17. b4 h4 18. Rb1 hxg3 19. Rf1 Rh2 20. c5 dxc5 21. bxc5 Nxc5 22. dxc5 Qe5 23. Nd1 g4 24. c6 Qa5+ 25. Rb4 Ba6 26.
Bxa6+ Qxa6 27. Ra4 Qb5 28. fxg4 Rd6 29. Rxa7 Rxc6 30. Ra8+ Kb7 31.
Qa4 Qxa4 32. Rxa4 Rxg2 33. Rh1 Rcc2 34. Kf1 Rgd2 35. Ke1 Re2+ 36. Kf1 g2+ 37. Kg1 gxh1=Q+ 38. Kxh1 Re1# 0-1

[Event "Rapid Tournament (RAP)"]
[Site "Biel, Switzerland"]
[Date "2026.07.12"]
[Round "7.34"]
[White "Piazza, Carlo"]
[Black "Rohde, Bernhard"]
[Result "1-0"]
[TimeControl "15 + 5"]
[WhiteTitle "-"]
[BlackTitle "-"]
[WhiteFideId "809683"]
[BlackFideId "1323016"]
[WhiteElo "2076"]
[BlackElo "1834"]

1. e4 e6 2. d3 c5 3. Nf3 Nc6 4. g3 Qb6 5.
Bg2 Be7 6. O-O Nf6 7. c3 d5 8. e5 Nd7 9. Re1 d4 10. c4 Qc7 11. Qe2 O-O 12. h4 h6 13. Bf4 Re8 14. Nbd2 Nf8 15.
h5 Qd8 16. Ne4 f5 17. exf6 Bxf6 18. Nxc5 b6 19. Ne4 e5 20. Nxf6+ Qxf6 21. Nxe5 Bb7 22. Bd5+ Ne6 23. Ng4 Qd8 24.
Bxe6+ Kh8 25. Nxh6 gxh6 26. Be5+ Nxe5 27. Qxe5+ Kh7 28. Qf5+ Kh8 29. Qe5+ Kh7 30. Bf5+ Kg8 1-0

[Event "Rapid Tournament (RAP)"]
[Site "Biel, Switzerland"]
[Date "2026.07.12"]
[Round "7.35"]
[White "Labrovic, Jakov"]
[Black "Fortier, Nicolas"]
[Result "1-0"]
[TimeControl "15 + 5"]
[WhiteTitle "-"]
[BlackTitle "-"]
[WhiteFideId "14549786"]
[BlackFideId "1308750"]
[WhiteElo "2005"]
[BlackElo "1810"]

1. e4 e5 2. Nf3 Nc6 3. Bb5 a6 4. Ba4 Nf6 5.
O-O Nxe4 6. Re1 Nc5 7. Nxe5 Nxe5 8.
Rxe5+ Ne6 9. d4 Be7 10. d5 Nc5 11. c4 O-O 12. Bc2 g6 13. Nc3 d6 14. Re1 Bf6 15. Bd2 Bd7 16. b4 b5 17.
bxc5 b4 18. c6 bxc3 19. Bh6 Re8 20. cxd7 Qxd7 21. Qd3 Qg4 22. Re4 Rxe4 23. Qxe4 Qh5 24. Bf4 Rb8 25. Re1 Rb2 26. a4 Rb4 27. Qd3 Qg4 28. Bh6 Qd7 29. Qe4 Rb8 30. f4 Bh8 31.
f5 Bf6 32. fxg6 hxg6 33. Qf4 Bh8 34. Bg5 Re8 35. Rxe8+ Qxe8 36. Qe4 Qd7 37. Be3 Be5 38. Bd4 f5 39. Qe3 1-0

[Event "Rapid Tournament (RAP)"]
[Site "Biel, Switzerland"]
[Date "2026.07.12"]
[Round "7.36"]
[White "Lopez, Manuel"]
[Black "Arocha, Carlos"]
[Result "1-0"]
[TimeControl "15 + 5"]
[WhiteTitle "-"]
[BlackTitle "-"]
[WhiteFideId "1306324"]
[BlackFideId "1311590"]
[WhiteElo "1916"]
[BlackElo "1807"]

1. e4 g6 2. d4 Bg7 3. Nc3 d6 4. f3 Nf6 5. Be3 O-O 6.
Qd2 a6 7. h4 h5 8. Bh6 b5 9. Bxg7 Kxg7 10. Bd3 Nbd7 11. Nh3 c5 12. d5 c4 13. Be2 Ne5 14. Ng5 b4 15. Nd1 a5 16.
Ne3 Qc7 17. c3 Rb8 18. O-O Bd7 19. Kh1 Rb7 20. Rac1 Rfb8 21. f4 Neg4 22. Nxg4 Bxg4 23. Bxg4 Nxg4 24. Qd4+ Kg8 25. f5 Qc5 26.
fxg6 Qxd4 27. gxf7+ Kh8 28. cxd4 Nf6 29. Ne6 Rc8 30. f8=Q+ Rxf8 31. Nxf8 Nxe4 32. Kh2 Rc7 33. Ne6 Rc8 34. Rf8+ Rxf8 35. Nxf8 c3 36.
bxc3 bxc3 37. Ng6+ Kg7 38. Nxe7 Kf6 39.
Nc6 a4 40. g3 Kf5 41. Rf1+ Kg6 42. Nb4 Nf6 43. Rxf6+ Kxf6 44. Kg2 Kf5 45. Kf3 a3 46. Nc2 Kf6 47. Nxa3 Kf5 48. Nc2 Kf6 49. a4 1-0